 Dungeon Crawl Stone Soup version 0.29-a0-119-g4040846114 (webtiles) character file.

Game seed: 5568291394048243645

191 drugrobin the Poker (level 5, -2/41 HPs)
             Began as a Demigod Warper on Feb 20, 2022.
             Slain by a bullfrog (4 damage)
             ... in a sewer.
             The game lasted 00:10:32 (2997 turns).

drugrobin the Poker (Demigod Warper)                Turns: 2997, Time: 00:10:32

Health: -2/41      AC:  3    Str: 16    XL:     5   Next: 18%
Magic:  9/11       EV: 11    Int: 21    God:
Gold:   133        SH:  0    Dex: 13    Spells: 2/8 levels left

rFire   . . .      SeeInvis .   a - +0 spear (spect)
rCold   . . .      Faith    .   (no shield)
rNeg    . . .      Spirit   .   m - +0 leather armour
rPois   +          Reflect  .   (no helmet)
rElec   .          Harm     .   (no cloak)
rCorr   .          Rampage  .   (no gloves)
Will    .....                   (no boots)
Stlth   +.........              (no amulet)
HPRegen 0.13/turn               i - +6 ring of intelligence
MPRegen 0.12/turn               o - ring of poison resistance

@: mighty
A: high MP 1, forlorn, divine attributes
a: no special abilities


You were in a sewer.
You visited 1 branch of the dungeon, and saw 3 of its levels.
You also visited: Sewer.

You collected 133 gold pieces.

Inventory:

Hand Weapons
 a - a +0 spectral spear (weapon)
 b - a +0 hunting sling
Missiles
 d - 5 boomerangs of dispersal
 g - 77 stones (quivered)
 n - 18 arrows
Armour
 m - a +0 leather armour (worn)
Jewellery
 i - a +6 ring of intelligence (left hand)
 o - a ring of poison resistance (right hand)
Wands
 f - a wand of acid (4)
Scrolls
 c - a scroll of blinking
 e - a scroll of teleportation
 h - a scroll of fog
 k - a scroll of identify
Potions
 p - a potion of brilliance {unknown}
 q - a potion of haste {unknown}


   Skills:
 - Level 1.7 Fighting
 * Level 4.1 Polearms
 - Level 0.8 Throwing
 - Level 0.8 Armour
 - Level 1.7 Dodging
 + Level 2.4 Spellcasting
 + Level 3.7 Translocations


You had 2 spell levels left.
You knew the following spells:

 Your Spells              Type           Power      Damage    Failure   Level
a - Blink                 Tloc           36%        N/A       6%          2
b - Teleport Other        Tloc           18%        N/A       12%         3
c - Sting                 Tmut/Pois      8%         1d3       17%         1

Your spell library contained the following spells:

 Spells                   Type           Power      Damage    Failure   Level
 Poisonous Vapours        Pois/Air       4%         N/A       26%         2
 Gell's Gravitas          Tloc           18%        N/A       12%         3
 Lesser Beckoning         Tloc           18%        N/A       12%         3
 Ignite Poison            Fire/Tmut/Pois 2%         N/A       45%         3
 Mephitic Cloud           Conj/Pois/Air  2%         N/A       45%         3
 Manifold Assault         Tloc           18%        N/A       71%         5
 Olgreb's Toxic Radiance  Pois           2%         N/A       86%         4
 Freezing Cloud           Conj/Ice/Air   1%         6-21      99%         5


Dungeon Overview and Level Annotations

Branches:
Dungeon (3/15)              Sewer (1/1)

Annotations:
D:2 Natasha


Innate Abilities, Weirdness & Mutations

You have an increased reservoir of magic. (+10% MP)
You shall have no god before yourself.
Your divine heritage dramatically boosts your attributes as you level up.


Message History

* * * LOW HITPOINT WARNING * * *
The adder closely misses you.
Unknown command.
Unknown command.
Unknown command.
Unknown command.
Okay, then.
Unknown command.
Casting: Blink (safe; 6% risk of failure)
Confirm with . or Enter, or press ? or * to list all spells.
You blink.
The bullfrog closely misses you.
Unknown command.
Unknown command.
Aiming: Corrosive Bolt
Press: ? - help, Shift-Dir - straight line, p - bullfrog The bolt of acid hits the bullfrog!
The bullfrog is severely wounded.
The bolt of acid hits the adder!
You kill the adder!
The bullfrog hits you.
* * * LOW HITPOINT WARNING * * *
The endoplasm hits you but does no damage.
Unknown command.
Unknown command.
Unknown command.
Aiming: Corrosive Bolt
Press: ? - help, Shift-Dir - straight line
Okay, then.
Unknown command.
The bullfrog closely misses you.
Unknown command.
The endoplasm freezes you.
You are frozen.
* * * LOW HITPOINT WARNING * * *
Unknown command.
Unknown command.
It was a potion of might.
You feel very mighty all of a sudden.
You feel stable enough to blink again. The bullfrog hits you.
You die...

≈≈≈≈≈≈#
#≈≈≈≈.≈#
≈≈≈≈≈≈#
#≈≈≈≈≈≈#
≈≈≈≈≈≈#
#≈≈≈≈≈≈#
≈≈≈≈≈≈#
#≈≈≈≈≈≈#
≈≈≈≈≈≈#
#≈≈≈≈≈≈#
≈≈≈≈≈≈#
#≈≈≈≈≈≈#
≈≈≈≈≈≈#
#≈≈#≈≈≈#
.≈.≈.##
##..≈≈##
......#
#####..J@..#
.....##
#?.?#..F...#
.....#
#!∩.†......#
....##
#.!.##....##
...##
###########
####


You could see a bullfrog and an endoplasm.

Vanquished Creatures
  5 adders
  7 river rats (Sewer)
  A worm (D:2)
  A dart slug (D:1)
  4 bats
  5 endoplasms
  5 giant cockroaches
  4 goblins
  7 hobgoblins
  3 quokkas
  9 ball pythons
  7 frilled lizards
  A kobold (D:1)
  29 rats
88 creatures vanquished.

Vanquished Creatures (collateral kills)
  An orc (D:3)
  A kobold (D:3)
2 creatures vanquished.

Grand Total: 90 creatures vanquished

Notes
Turn   | Place    | Note
-------+----------+-------------------------------------------
     0 | D:1      | drugrobin the Demigod Warper began the quest for the Orb.
     0 | D:1      | Reached XP level 1. HP: 17/17 MP: 5/5
    58 | D:1      | Reached skill level 2 in Polearms
   370 | D:1      | Reached XP level 2. HP: 18/24 MP: 7/7
   619 | D:1      | Learned a level 2 spell: Blink
  1100 | D:2      | Noticed Natasha
  1510 | D:2      | Reached skill level 3 in Polearms
  1510 | D:2      | Reached XP level 3. HP: 25/29 MP: 8/8
  1625 | D:2      | Learned a level 3 spell: Teleport Other
  2393 | D:3      | Found a glowing drain.
  2407 | Sewer    | Entered a sewer
  2487 | Sewer    | Reached XP level 4. HP: 36/36 MP: 9/9
  2489 | Sewer    | Learned a level 1 spell: Sting
  2929 | Sewer    | Reached skill level 4 in Polearms
  2929 | Sewer    | Reached XP level 5. HP: 28/41 MP: 9/11
  2996 | Sewer    | HP: 1/41 [frozen (4)]
  2997 | Sewer    | Slain by a bullfrog

Illustrated notes

Levels and vault maps discovered:
D:1:      zaba_arrival_water, layout_rooms
D:2:      layout_loops_ring, basic_altar, columned_hall_lemuel,
          patterned_corridor, uniq_natasha
D:3:      layout_basic, portal_sewer_entry_f, minivault_26,
          kennysheep_generic_room_7
Sewer:    sewer_minmay_w

Skill      XL: |  1  2  3  4 |
---------------+-------------+-----
Polearms       | 2 3 4 |  4.1
Translocations | 3 |  3.7
Spellcasting   | 2 |  2.4
Fighting       | |  1.7
Throwing       | |  0.8
Armour         | |  0.8
Dodging        | |  1.7

Action                   |  1- 3 |  4- 6 || total
-------------------------+-------+-------++-------
Melee: Spear             |   171 |    61 ||   232
       Punch             |     3 |       ||     3
 Fire: Hunting sling     |    23 |     2 ||    25
Throw: Stone             |    11 |       ||    11
 Cast: Sting             |       |    12 ||    12
       Blink             |       |     3 ||     3
Evoke: Wand              |       |     2 ||     2
  Use: Scroll            |     7 |     1 ||     8
       Potion            |       |     1 ||     1
 Stab: Sleeping          |     3 |       ||     3
Armor: Leather armour    |    36 |    10 ||    46
Dodge: Dodged            |    62 |    29 ||    91

Table legend: (Time is in decaauts)
 A = Elapsed time spent in this place.
 B = Non-inter-level travel time spent in this place.
 C = Inter-level travel time spent in this place.
 D = Time resting spent in this place.
 E = Time spent auto-exploring this place.
 F = Levels seen in this place.
 G = Mean time per level.
                   A        B        C        D        E       F      G
               +--------+--------+--------+--------+--------+-----+--------+
         Total |   3036 |   2988 |     48 |    451 |   1633 |   4 |  759.0 |
       Dungeon |   2403 |   2355 |     48 |    261 |   1569 |   3 |  801.0 |
         Sewer |    632 |    632 |      0 |    190 |     64 |   1 |  632.0 |
               +--------+--------+--------+--------+--------+-----+--------+

Top non-repeatable levels by time:
     D:2: 1290 daAuts
     D:1: 993 daAuts
   Sewer: 632 daAuts
     D:3: 119 daAuts
